[Event "ICCopen2017"]
[Site "Internet Chess Club"]
[Date "2017.03.19"]
[Round "5"]
[White "INDIAN-ELEPHANT"]
[Black "akibael"]
[Result "1-0"]
[ICCResult "Black forfeits on time"]
[WhiteElo "2687"]
[BlackElo "2159"]
[Opening "Grünfeld: Smyslov defense"]
[ECO "D15"]
[NIC "SL.03"]
[Time "20:00:53"]
[TimeControl "180+0"]

1. d4 Nf6 2. Nf3 d5 3. c4 c6 4. Nc3 g6 5. e3 Bg7 6. Bd3 O-O 7. O-O Bg4 8. h3
Bxf3 9. Qxf3 e6 10. Rd1 Nbd7 11. b4 Qe7 12. Rb1 a6 13. a4 Rfd8 14. a5 dxc4
15. Bxc4 e5 16. d5 e4 17. Qe2 Ne5 18. dxc6 Nxc6 19. Ba3 Qe5 20. Na4 Qg5 21.
Nb6 Rab8 22. Bxf7+ Kxf7 23. Qc4+ Ke8 24. b5 Ne7 25. Bxe7 Kxe7 26. Qc7+ Ke8
27. Qxg7 axb5 28. Rbc1 Qe5 29. Rd4 Qe7 30. Qxe7+ Kxe7 31. Rc7+ Ke6 32. Rxd8
Rxd8 33. Rxb7 Rd1+ 34. Kh2 Ra1 35. Ra7 b4 36. Nc4 b3 37. Rb7 Ra4 38. Rb6+
Ke7 39. Nd2 Rxa5 40. Nxb3 Ra2 41. Kg1 Rb2 42. Rb7+ Ke8 43. Nc5 Rxb7 44. Nxb7
Kd7 45. g4 g5 46. Nc5+ Kd6 47. Nb3 Ke5 48. Nd4 h5 49. gxh5 Nxh5 50. Kg2 Nf6
51. Kg3 Kd5 52. Ne2 Ke5 53. Nc3 Kf5 54. Kg2 Ke5 55. Kf1 Kf5 56. Ke2 g4 57.
h4 Kg6 58. Kf1 Kh5 59. Kg2 Kxh4 60. Nd1 Kg5 61. Nb2 Kf5 62. Nc4 Ke6 63. Kg3
Kf5 64. Nd2 Nh5+ 65. Kh4 Nf6 66. Nb3 Ke5 67. Nd4 Kd6 68. Kg5 Ke5 69. Kh4 Kd6
70. Kg5 Ke5 71. Kg6 g3 72. fxg3 Nd5 73. Nc2 Nxe3 74. Nxe3 Kd4 75. Nf5+ Ke5
76. g4 Kf4 77. Kh5 Kf3 78. Nh4+ Kf4 79. g5 e3 80. Ng2+ Kf3 81. Nxe3 Kxe3 82.
g6 {Black forfeits on time} 1-0

[Event "ICCopen2017"]
[Site "Internet Chess Club"]
[Date "2017.03.19"]
[Round "5"]
[White "rovov"]
[Black "Alwaysontime"]
[Result "0-1"]
[ICCResult "White forfeits on time"]
[WhiteElo "1779"]
[BlackElo "2185"]
[Opening "English: Wimpey system"]
[ECO "A05"]
[NIC "QP.11"]
[Time "20:01:20"]
[TimeControl "180+0"]

1. Nf3 Nf6 2. c4 e6 3. e3 d5 4. b3 c5 5. Bb2 Nc6 6. cxd5 exd5 7. d4 cxd4 8.
Nxd4 Bb4+ 9. Bc3 Bxc3+ 10. Nxc3 Qa5 11. Qd2 O-O 12. Be2 Nxd4 13. exd4 Be6
14. O-O Rac8 15. Rac1 Rc7 16. Qb2 Rfc8 17. Na4 Rxc1 18. Rxc1 Rxc1+ 19. Qxc1
h6 20. h3 Ne4 21. Bd3 b5 22. Nc5 Qxa2 23. Bxe4 dxe4 24. Nxe6 fxe6 25. Qc8+
Kh7 26. Qxe6 Qa1+ 27. Kh2 Qxd4 28. Qf5+ Kh8 29. Qf8+ Kh7 30. Qf5+ Kg8 31.
Qxb5 Qxf2 32. Qe8+ Qf8 33. Qxe4 Qb8+ 34. Kh1 Qxb3 35. Qe8+ Kh7 36. Qe4+ g6
37. Qe7+ Kg8 38. Qe8+ Kg7 39. Qe5+ Kf7 40. Qc7+ Kf6 41. Qxa7 Qd1+ 42. Kh2
Qd6+ 43. Kh1 h5 44. Qf2+ Kg7 45. Qb2+ Kh7 46. Qb7+ Kh6 47. Qb2 h4 48. Qc1+
g5 49. Qe1 Kg7 50. Kg1 Qd4+ 51. Kh1 Kf6 52. Kh2 Qf4+ 53. Kh1 Kf5 54. Kg1
Qd4+ 55. Qf2+ Qxf2+ 56. Kxf2 Kf4 {White forfeits on time} 0-1

[Event "ICCopen2017"]
[Site "Internet Chess Club"]
[Date "2017.03.19"]
[Round "5"]
[White "doug50"]
[Black "ivancele"]
[Result "1-0"]
[ICCResult "Black forfeits on time"]
[WhiteElo "1222"]
[BlackElo "1488"]
[Opening "Queen's Pawn"]
[ECO "A41"]
[NIC "QO.17"]
[Time "20:01:11"]
[TimeControl "180+0"]

1. d4 d6 2. Bg5 f5 3. h3 Nf6 4. Nf3 g6 5. Bxf6 exf6 6. e3 c6 7. c3 Be6 8.
Bd3 Bg7 9. Nbd2 Nd7 10. Qc2 O-O 11. O-O-O b5 12. a3 Qc7 13. Rdg1 a5 14. g4
fxg4 15. hxg4 Bf7 16. Nh4 Rfc8 17. g5 f5 18. Nhf3 b4 19. cxb4 axb4 20. a4 c5
21. b3 Qb7 22. Kd1 cxd4 23. Qb1 dxe3 24. fxe3 Nc5 25. Bc4 d5 26. Be2 Bc3 27.
Rh2 Ne4 28. Nxe4 dxe4 29. Nd4 Qd5 30. Bc4 Rxc4 31. bxc4 Qxc4 32. Rgh1 Bxd4
33. exd4 Qxd4+ 34. Ke1 Qc3+ 35. Kf1 Bc4+ 36. Kg1 Ra7 37. Qd1 Qe3+ 38. Kg2
Qxg5+ 39. Qg4 Qxg4+ 40. Kf2 Qf3+ 41. Kg1 b3 42. Rf2 Qg3+ 43. Rg2 Qe3+ 44.
Rf2 Rxa4 45. Rh2 Ra2 46. Rg2 Rxf2 47. Rxf2 b2 48. Kg2 b1=Q 49. Rxf5
{Black forfeits on time}
1-0

[Event "ICCopen2017"]
[Site "Internet Chess Club"]
[Date "2017.03.19"]
[Round "5"]
[White "juandeperea"]
[Black "bhaiju"]
[Result "0-1"]
[ICCResult "White forfeits on time"]
[WhiteElo "1889"]
[BlackElo "1740"]
[Opening "Sicilian: Alapin's variation (2.c3)"]
[ECO "B22"]
[NIC "SI.46"]
[Time "20:02:06"]
[TimeControl "180+0"]

1. e4 c5 2. c3 Nc6 3. d4 cxd4 4. cxd4 d6 5. Nf3 Bg4 6. Be2 Nf6 7. Nc3 g6 8.
O-O Bg7 9. Be3 O-O 10. h3 Bxf3 11. Bxf3 Rc8 12. Rc1 Qa5 13. a3 Qd8 14. b4 a6
15. Qb3 e6 16. Rfd1 Ne7 17. g3 d5 18. e5 Nd7 19. g4 Nb6 20. Be2 Nc4 21. Bxc4
dxc4 22. Qb2 b5 23. Ne4 Nd5 24. Nc5 Qb6 25. Nd7 Qc7 26. Nxf8 Rxf8 27. Qe2 f6
28. f4 fxe5 29. dxe5 Nxf4 30. Bxf4 Rxf4 31. Rf1 Bxe5 32. Rxf4 Bxf4 33. Qxe6+
Kg7 34. Rd1 Qa7+ 35. Kg2 Qb7+ 36. Qd5 Qxd5+ 37. Rxd5 Bc1 38. Rd6 Bxa3 39.
Rxa6 c3 40. Rc6 Bxb4 41. Kf3 Ba5 42. Ke2 b4 43. Kd3 b3 44. Ra6 c2 45. Rc6
Bb4 {White forfeits on time} 0-1

[Event "ICCopen2017"]
[Site "Internet Chess Club"]
[Date "2017.03.19"]
[Round "5"]
[White "Shadeath"]
[Black "whiteshark"]
[Result "1-0"]
[ICCResult "Black resigns"]
[WhiteElo "2897"]
[BlackElo "2492"]
[Opening "King's Indian: Torre attack"]
[ECO "A48"]
[NIC "QP.01"]
[Time "20:00:48"]
[TimeControl "180+0"]

1. d4 Nf6 2. Nf3 g6 3. Bg5 Bg7 4. Nbd2 O-O 5. c3 d5 6. e3 c6 7. h3 Re8 8.
Bd3 Nbd7 9. Bf4 h6 10. O-O Nh5 11. Be5 Bxe5 12. Nxe5 Nxe5 13. dxe5 Ng7 14.
Qe2 Qb6 15. Rab1 Bf5 16. f4 Rad8 17. Kh2 Bxd3 18. Qxd3 Nf5 19. Rfe1 h5 20.
g3 h4 21. g4 Ng3 22. Kg2 e6 23. a3 Kg7 24. Nf1 Ne4 25. Nd2 Nc5 26. Qd4 Rh8
27. b4 Na4 28. Qxb6 axb6 29. Rec1 b5 30. Nf3 Ra8 31. Nd2 Nb6 32. Ra1 Ra7 33.
Ra2 Rha8 34. Rca1 Na4 35. Rc2 Nb6 36. Rca2 Ra4 37. Kf2 Nc4 38. Nxc4 bxc4 39.
Ke2 b5 40. g5 Kf8 41. Kd2 Ke7 42. Kc2 Kd7 43. Kb2 Kc7 44. Rg1 Kb6 45. Rg4
Rh8 46. Ra1 c5 47. bxc5+ Kxc5 48. Ra2 Rh7 49. Ra1 Rh8 50. Ra2 Kc6 51. Ra1
Kc5 52. Ra2 Kb6 53. Ra1 Kc6 54. Ra2 Kc5 55. Rg1 Kc6 56. Kc2 Rha8 57. Rga1 d4
58. exd4 Kd5 59. Kb2 Ke4 60. Rf1 b4 61. cxb4 Kxd4 62. Re1 Kd3 63. Raa1 c3+
64. Kb3 c2 65. b5 Kd2 66. Rec1 Kd3 67. Rxc2 Rxf4 68. Rd1+ Ke4 69. Rc4+ Kf5
70. Rxf4+ Kxf4 71. a4 Kxe5 72. b6 Kf4 73. Kb4 e5 74. a5 e4 75. b7 Rb8 76. a6
e3 77. Kc5 Kxg5 78. Kc6 f5 79. a7 Re8 80. b8=Q e2 81. Rg1+ Kf6 82. Qxe8 e1=Q
83. Qxe1 f4 84. Qd2 g5 85. Rg4 Kg6 86. a8=Q Kh5 87. Qe8+ Kh6 88. Qd6+ Kg7
89. Qeg6+ {Black resigns} 1-0

[Event "ICCopen2017"]
[Site "Internet Chess Club"]
[Date "2017.03.19"]
[Round "5"]
[White "COMBINATOR35"]
[Black "eltigrecu"]
[Result "1-0"]
[ICCResult "Black resigns"]
[WhiteElo "2380"]
[BlackElo "1967"]
[Opening "Sicilian: Pelikan (Lasker/Sveshnikov) variation"]
[ECO "B33"]
[NIC "SI.35"]
[Time "20:02:15"]
[TimeControl "180+0"]

1. e4 c5 2. Nf3 Nc6 3. d4 cxd4 4. Nxd4 Nf6 5. Nc3 e5 6. Ndb5 d6 7. Nd5 Nxd5
8. exd5 Nb8 9. c4 a6 10. Nc3 Be7 11. Bd3 O-O 12. O-O f5 13. f3 Bf6 14. Qc2
g6 15. Be3 Nd7 16. b4 a5 17. a3 b6 18. Rab1 Ba6 19. bxa5 bxa5 20. Nb5 Bxb5
21. Rxb5 Rc8 22. Rfb1 Nc5 23. Bxc5 Rxc5 24. Rxc5 dxc5 25. Kh1 Re8 26. Rf1
Qe7 27. Re1 Bh4 28. g3 Bf6 29. Qa4 Rd8 30. Qxa5 Rb8 31. Qa6 Rb3 32. d6 Qd7
33. Bc2 Rxf3 34. Qa8+ Kg7 35. Qxf3 e4 36. Qf4 Qe6 37. Rd1 Be5 38. d7 Bxf4
39. d8=Q Be5 40. Qd7+ Qxd7 41. Rxd7+ Kh6 42. Bxe4 fxe4 43. Re7 Bb2 44. Rxe4
Bxa3 45. Kg2 Kg5 46. h4+ Kf5 47. Kf3 h5 48. Re7 Kf6 49. Rc7 Kf5 50. Rd7 Ke6
51. Rd5 Bb4 52. Kf4 Kf6 53. Rd6+ Kf7 54. Kg5 Ba3 55. Rxg6 Bc1+ 56. Kxh5 Be3
57. Rg4 Kf6 58. Re4 Bf2 59. Kg4 Kg6 60. Re6+ Kf7 61. Re4 Kg6 62. Rf4 Be3 63.
Rf5 Bd2 64. h5+ Kh6 65. Kf3 Bb4 66. g4 Ba3 67. Ke4 Kg7 68. Kd5 Kh6 69. Kc6
Kg7 70. Rxc5 Bxc5 71. Kxc5 Kf6 72. Kd6 Kg5 73. c5 Kxg4 74. h6 Kh5 75. h7 Kg6
76. h8=Q Kf7 77. Qe5 Kg6 78. Qf4 Kh5 79. Qg3 Kh6 80. Ke6 {Black resigns} 1-0

[Event "ICCopen2017"]
[Site "Internet Chess Club"]
[Date "2017.03.19"]
[Round "5"]
[White "devotional"]
[Black "J575"]
[Result "1-0"]
[ICCResult "Black resigns"]
[WhiteElo "2121"]
[BlackElo "1645"]
[Opening "Van't Kruijs opening"]
[ECO "A00"]
[Time "20:01:45"]
[TimeControl "180+0"]

1. e3 d5 2. Nf3 Nf6 3. b3 g6 4. Bb2 Bg7 5. Be2 O-O 6. O-O c5 7. c4 Be6 8.
Qc2 Nbd7 9. Nc3 dxc4 10. Bxc4 Bxc4 11. bxc4 Qc8 12. Rab1 Rd8 13. Rfd1 Nf8
14. d3 Ne6 15. e4 Ng4 16. h3 Nh6 17. Nd5 Re8 18. Bxg7 Nxg7 19. Qd2 Nhf5 20.
exf5 Nxf5 21. Re1 Qd7 22. Qg5 Kf8 23. g4 h6 24. Qd2 Nd4 25. Qxh6+ Kg8 26.
Nxd4 cxd4 27. Rxe7 Qxe7 28. Nxe7+ Rxe7 29. Kg2 b6 30. h4 Re5 31. h5 gxh5 32.
gxh5 Rae8 33. Kh2 Re1 34. Rxe1 Rxe1 35. Qg5+ Kf8 36. h6 Ke8 37. h7
{Black resigns}
1-0

[Event "ICCopen2017"]
[Site "Internet Chess Club"]
[Date "2017.03.19"]
[Round "5"]
[White "skewerd"]
[Black "kfactor"]
[Result "1-0"]
[ICCResult "Black forfeits on time"]
[WhiteElo "1703"]
[BlackElo "1344"]
[Opening "King's pawn opening"]
[ECO "B00"]
[NIC "VO.17"]
[Time "20:05:31"]
[TimeControl "180+0"]

1. e4 h5 2. d4 g5 3. Bxg5 Bh6 4. Bxh6 Nxh6 5. Nf3 e6 6. c4 d6 7. Nc3 c6 8.
Qd2 a6 9. O-O-O Qe7 10. h3 Nd7 11. Rg1 b6 12. g4 h4 13. g5 Ng8 14. Bd3 Bb7
15. g6 fxg6 16. Rxg6 Kd8 17. Rdg1 Kc7 18. Rg7 Qe8 19. Qf4 Ne7 20. e5 d5 21.
cxd5 cxd5 22. Qf7 Nc6 23. Ne2 Rd8 24. Kb1 Qxf7 25. Rxf7 b5 26. Rgg7 Nb8 27.
Nf4 Kb6 28. Nxe6 Rdg8 29. Bf5 Rxg7 30. Rxg7 Kc6 31. Nfg5 Bc8 32. Nf7 Rh5 33.
Bg4 Rxe5 34. dxe5 Kb6 35. Nd4 Kc5 36. Nb3+ Kb4 37. Nd6 a5 38. Nxc8 a4 39.
Bxd7 axb3 40. axb3 Kxb3 41. Bxb5 Kb4 42. Bf1 d4 43. e6 Nc6 44. e7 Nxe7 45.
Nxe7 Kc5 46. Rg4 Kd6 47. Rxd4+ Kxe7 48. Rxh4 Kf6 49. Rg4 Kf5 50. Bd3+ Ke5
51. Kc2 Kd6 52. Kc3 Kc5 53. Rg5+ Kd6 54. Kd4 Ke7 55. Ke5 Kf7 56. Rg6 Ke7 57.
Rg7+ {Black forfeits on time} 1-0

[Event "ICCopen2017"]
[Site "Internet Chess Club"]
[Date "2017.03.19"]
[Round "5"]
[White "Red-white"]
[Black "Fighterman"]
[Result "1-0"]
[ICCResult "Black forfeits on time"]
[WhiteElo "3003"]
[BlackElo "2483"]
[Opening "Grünfeld: Makogonov variation"]
[ECO "D94"]
[NIC "GI.09"]
[Time "20:05:50"]
[TimeControl "180+0"]

1. d4 Nf6 2. c4 g6 3. Nc3 d5 4. Nf3 Bg7 5. e3 O-O 6. b4 c6 7. Bb2 Be6 8.
cxd5 Nxd5 9. Nxd5 Bxd5 10. Be2 a5 11. b5 a4 12. O-O Nd7 13. Ba3 Re8 14. bxc6
bxc6 15. Qc2 e5 16. e4 Be6 17. Rad1 Qb6 18. Rb1 Qa5 19. Bb4 Qa7 20. dxe5
Nxe5 21. Nxe5 Bxe5 22. Bc4 Bd4 23. Bxe6 Rxe6 24. Rfe1 Rae8 25. Re2 f5 26.
Qc4 Kh8 27. Bc3 Bxc3 28. Qxc3+ Kg8 29. e5 Qd7 30. h4 Qd5 31. Rbe1 c5 32. Rd2
Qc6 33. h5 Qc7 34. Qc4 Qf7 35. hxg6 Rxg6 36. Qf4 Rg4 37. Qf3 Qg7 38. e6 Re4
39. Rxe4 fxe4 40. Qxe4 Qh6 41. Rd3 Qxe6 42. Qxa4 Qe1+ 43. Kh2 Qe5+ 44. Rg3+
Kh8 45. Qh4 Qe7 46. Qh6 Rg8 47. Rxg8+ Kxg8 48. Qh5 Qg7 49. Qd5+
{Black forfeits on time}
1-0

[Event "ICCopen2017"]
[Site "Internet Chess Club"]
[Date "2017.03.19"]
[Round "6"]
[White "eltigrecu"]
[Black "airantrobo"]
[Result "1-0"]
[ICCResult "Black resigns"]
[WhiteElo "1970"]
[BlackElo "1575"]
[Opening "Trompowsky attack (Ruth, Opocenský opening)"]
[ECO "A45"]
[NIC "QP.07"]
[Time "20:13:12"]
[TimeControl "180+0"]

1. d4 Nf6 2. Bg5 Ne4 3. Bf4 d5 4. f3 Nd6 5. e4 dxe4 6. Nc3 exf3 7. Nxf3 Bg4
8. Bd3 e6 9. O-O Be7 10. h3 Bxf3 11. Qxf3 Nd7 12. Bxd6 {Black resigns} 1-0

[Event "ICCopen2017"]
[Site "Internet Chess Club"]
[Date "2017.03.19"]
[Round "6"]
[White "Colombiano07"]
[Black "jupiter26"]
[Result "1-0"]
[ICCResult "Black resigns"]
[WhiteElo "1988"]
[BlackElo "1708"]
[Opening "Queen's pawn game"]
[ECO "D02"]
[NIC "QP.08"]
[Time "20:13:20"]
[TimeControl "180+0"]

1. d4 d5 2. Nf3 Bf5 3. c4 e6 4. Qb3 b6 5. Nc3 Nf6 6. Bg5 Be7 7. Bxf6 Bxf6 8.
cxd5 exd5 9. Qxd5 Qxd5 10. Nxd5 Nd7 {Black resigns} 1-0

[Event "ICCopen2017"]
[Site "Internet Chess Club"]
[Date "2017.03.19"]
[Round "6"]
[White "whiteshark"]
[Black "BryanL"]
[Result "1-0"]
[ICCResult "Black resigns"]
[WhiteElo "2494"]
[BlackElo "1994"]
[Opening "Pirc: classical (two knights) system"]
[ECO "B08"]
[NIC "PU.10"]
[Time "20:13:41"]
[TimeControl "180+0"]

1. e4 d6 2. d4 Nf6 3. Nc3 g6 4. Nf3 Bg7 5. Be3 Nbd7 6. Qd2 c6 7. O-O-O Ng4
8. Bg5 h6 9. Bh4 g5 10. Bg3 Qa5 11. Kb1 b6 12. h4 b5 13. hxg5 hxg5 14. Rxh8+
Bxh8 15. Qxg5 Ngf6 16. e5 Nd5 17. Nxd5 cxd5 18. Qg8+ {Black resigns} 1-0

[Event "ICCopen2017"]
[Site "Internet Chess Club"]
[Date "2017.03.19"]
[Round "6"]
[White "SWAT-TEAM"]
[Black "Salvatore"]
[Result "1-0"]
[ICCResult "Black resigns"]
[WhiteElo "1866"]
[BlackElo "1468"]
[Opening "Queen's pawn: London system"]
[ECO "A45"]
[NIC "QP.07"]
[Time "20:14:19"]
[TimeControl "180+0"]

1. d4 Nf6 2. Bf4 d6 3. e3 g6 4. Nf3 Bg7 5. Bc4 O-O 6. a4 c6 7. a5 a6 8. h3
Re8 9. O-O e5 10. dxe5 dxe5 11. Nxe5 Qd2 12. Bxf7+ {Black resigns} 1-0

[Event "ICCopen2017"]
[Site "Internet Chess Club"]
[Date "2017.03.19"]
[Round "6"]
[White "rotyi59"]
[Black "Burning-Bush"]
[Result "0-1"]
[ICCResult "White resigns"]
[WhiteElo "1515"]
[BlackElo "1894"]
[Opening "Sicilian: O'Kelly variation"]
[ECO "B28"]
[NIC "SI.43"]
[Time "20:14:29"]
[TimeControl "180+0"]

1. e4 c5 2. Nf3 a6 3. d4 cxd4 4. Nxd4 b5 5. Bd3 Qc7 6. Be3 Bb7 7. Nd2 Nf6 8.
f3 e6 9. N2b3 d5 10. exd5 Nxd5 11. O-O Nxe3 12. Qe2 Nxf1 {White resigns} 0-1

[Event "ICCopen2017"]
[Site "Internet Chess Club"]
[Date "2017.03.19"]
[Round "6"]
[White "Bojack"]
[Black "AlonzoMosely"]
[Result "0-1"]
[ICCResult "White resigns"]
[WhiteElo "1859"]
[BlackElo "2290"]
[Opening "Ponziani: Fraser defense"]
[ECO "C44"]
[NIC "KP.05"]
[Time "20:14:21"]
[TimeControl "180+0"]

1. e4 e5 2. Nf3 Nc6 3. c3 Nf6 4. d4 Nxe4 5. d5 Bc5 6. Nxe5 Nxe5 7. Be3 Bxe3
8. fxe3 Qh4+ 9. g3 Nxg3 10. hxg3 Qxh1 11. Nd2 d6 {White resigns} 0-1

[Event "ICCopen2017"]
[Site "Internet Chess Club"]
[Date "2017.03.19"]
[Round "6"]
[White "Ricardov"]
[Black "Activekids"]
[Result "1-0"]
[ICCResult "Black resigns"]
[WhiteElo "2266"]
[BlackElo "1986"]
[Opening "Caro-Kann: classical variation"]
[ECO "B18"]
[NIC "CK.10"]
[Time "20:14:29"]
[TimeControl "180+0"]

1. e4 c6 2. d4 d5 3. Nd2 dxe4 4. Nxe4 Bf5 5. Ng3 Bg6 6. N1e2 e6 7. h4 h6 8.
Nf4 Bh7 9. Bc4 Bd6 10. Qe2 Qc7 11. Ngh5 Nf6 12. Nxg7+ Kf8 13. Ngxe6+ fxe6
14. Nxe6+ {Black resigns} 1-0

[Event "ICCopen2017"]
[Site "Internet Chess Club"]
[Date "2017.03.19"]
[Round "6"]
[White "canary2016"]
[Black "sanguine"]
[Result "1-0"]
[ICCResult "Black resigns"]
[WhiteElo "1187"]
[BlackElo "1106"]
[Opening "Four knights: Spanish, classical defense"]
[ECO "C46"]
[NIC "KP.06"]
[Time "20:14:19"]
[TimeControl "180+0"]

1. e4 e5 2. Nf3 Nc6 3. Nc3 Bc5 4. Bb5 Nf6 5. Bxc6 dxc6 6. Nxe5 Bd4 7. Nf3
Bxc3 8. bxc3 Nxe4 9. O-O O-O 10. Re1 Nf6 11. d3 Bg4 12. h3 Bh5 13. Bb2 Nd5
14. c4 Nf4 15. Kh1 Bxf3 16. Qxf3 Qf6 17. Bxf6 {Black resigns} 1-0

[Event "ICCopen2017"]
[Site "Internet Chess Club"]
[Date "2017.03.19"]
[Round "6"]
[White "Osinger"]
[Black "icewoman"]
[Result "1-0"]
[ICCResult "Black checkmated"]
[WhiteElo "1602"]
[BlackElo "1084"]
[Opening "Pirc defense"]
[ECO "B07"]
[NIC "PU.08"]
[Time "20:13:34"]
[TimeControl "180+0"]

1. e4 d6 2. d4 Nf6 3. Bd3 Nbd7 4. Ne2 e5 5. O-O Be7 6. f4 c6 7. fxe5 dxe5 8.
c3 Qc7 9. Nd2 h6 10. Nc4 g5 11. Ng3 Nf8 12. Nxe5 Ng6 13. Nxf7 Kxf7 14. e5
Kg7 15. exf6+ Bxf6 16. Nh5+ Kh7 17. Nxf6+ Kg7 18. Nh5+ Kh7 19. Rf6 Bd7 20.
Rxg6 Rhg8 21. Rg7+ Kh8 22. Rh7# {Black checkmated} 1-0

[Event "ICCopen2017"]
[Site "Internet Chess Club"]
[Date "2017.03.19"]
[Round "6"]
[White "M-Ezat"]
[Black "AlirezaFirouzja"]
[Result "0-1"]
[ICCResult "White resigns"]
[WhiteElo "2275"]
[BlackElo "2599"]
[Opening "King's Indian: Averbakh system"]
[ECO "E73"]
[NIC "KI.26"]
[Time "20:13:51"]
[TimeControl "180+0"]

1. d4 Nf6 2. c4 g6 3. Nc3 Bg7 4. e4 d6 5. Be2 O-O 6. Bg5 Na6 7. Qd2 e5 8. d5
Nc5 9. f3 h6 10. Be3 Nh5 11. b4 Nd7 12. Rc1 Kh7 13. g4 Nf4 14. h4 Ng2+ 15.
Kf2 Nxe3 16. Qxe3 f5 17. gxf5 gxf5 18. exf5 Nf6 19. Bd3 a5 20. a3 axb4 21.
axb4 Ra3 22. Ne4 Kh8 23. Ne2 Bxf5 24. N2g3 Bxe4 25. Ra1 Ng4+ {White resigns}
0-1

[Event "ICCopen2017"]
[Site "Internet Chess Club"]
[Date "2017.03.19"]
[Round "6"]
[White "ivancele"]
[Black "moonriver"]
[Result "0-1"]
[ICCResult "White checkmated"]
[WhiteElo "1467"]
[BlackElo "1385"]
[Opening "QGD Slav: 4.e3"]
[ECO "D11"]
[NIC "QP.08"]
[Time "20:15:04"]
[TimeControl "180+0"]

1. d4 d5 2. c4 Nf6 3. e3 c6 4. Nf3 Bg4 5. Be2 Nbd7 6. Nbd2 e6 7. O-O Bd6 8.
h3 Bh5 9. b3 O-O 10. Bb2 a5 11. Rc1 a4 12. c5 Bb8 13. bxa4 Ne4 14. Nxe4 dxe4
15. Nd2 f5 16. Bxh5 Qc7 17. Nc4 Qh2# {White checkmated} 0-1

[Event "ICCopen2017"]
[Site "Internet Chess Club"]
[Date "2017.03.19"]
[Round "6"]
[White "Fighterman"]
[Black "arshavin2015"]
[Result "1-0"]
[ICCResult "Black resigns"]
[WhiteElo "2485"]
[BlackElo "2014"]
[Opening "Robatsch defense"]
[ECO "B06"]
[NIC "KF.05"]
[Time "20:14:05"]
[TimeControl "180+0"]

1. e4 g6 2. d4 Bg7 3. Nc3 c5 4. Be3 Qa5 5. Nf3 Nf6 6. Bd2 cxd4 7. Nd5 Qd8 8.
Nxf6+ Bxf6 9. Bh6 Nc6 10. Bd3 d6 11. h3 Qa5+ 12. Bd2 Qc7 13. O-O O-O 14. Rc1
b6 15. Bh6 Re8 16. Qd2 Bb7 17. Rce1 e5 18. Nh2 Bc8 19. Bc4 Be6 20. Ng4 Bg7
21. Bxg7 Kxg7 22. Qh6+ Kh8 23. Nf6 {Black resigns} 1-0

[Event "ICCopen2017"]
[Site "Internet Chess Club"]
[Date "2017.03.19"]
[Round "6"]
[White "Oracle"]
[Black "Heian"]
[Result "0-1"]
[ICCResult "White checkmated"]
[WhiteElo "1365"]
[BlackElo "1485"]
[Opening "Bishop's opening: Berlin defense"]
[ECO "C24"]
[NIC "IG.04"]
[Time "20:13:11"]
[TimeControl "180+0"]

1. e4 e5 2. Bc4 Nf6 3. d3 Bc5 4. Be3 Bxe3 5. fxe3 d6 6. Nc3 Ng4 7. Qd2 Qg5
8. Nf3 Qxe3+ 9. Qxe3 Nxe3 10. Kd2 Nxc4+ 11. dxc4 Be6 12. b3 Nc6 13. a3 O-O
14. Raf1 f5 15. Ng5 Bd7 16. g3 h6 17. Nh3 fxe4 18. Nf2 Nd4 19. Nfxe4 Bc6 20.
Rxf8+ Rxf8 21. Re1 Nf3+ 22. Kd1 Nxe1 23. Kxe1 Bxe4 24. Nxe4 Kh7 25. Ke2 Kg6
26. h3 Kf5 27. Nd2 e4 28. Nf1 Ke5 29. Ne3 g6 30. Ng4+ Ke6 31. h4 h5 32. Ne3
c6 33. Ng2 d5 34. cxd5+ cxd5 35. Nf4+ Kd6 36. Nxg6 Rg8 37. Nf4 Rxg3 38. Nxh5
Rh3 39. Nf4 Rxh4 40. Ng6 Rh2+ 41. Kd1 Rg2 42. Nf4 Rg4 43. Ne2 Ke5 44. Nd4
Kxd4 45. Kd2 Rg2+ 46. Kd1 Ke3 47. a4 Rg1# {White checkmated} 0-1

[Event "ICCopen2017"]
[Site "Internet Chess Club"]
[Date "2017.03.19"]
[Round "6"]
[White "refid"]
[Black "AnthonyRaelund"]
[Result "1-0"]
[ICCResult "Black resigns"]
[WhiteElo "1785"]
[BlackElo "1440"]
[Opening "Sicilian: Najdorf, 6.f4"]
[ECO "B93"]
[NIC "SI.12"]
[Time "20:13:11"]
[TimeControl "180+0"]

1. e4 c5 2. Nf3 d6 3. d4 cxd4 4. Nxd4 Nf6 5. Nc3 a6 6. f4 e5 7. Nf3 Qc7 8.
a4 Be7 9. Bd3 Be6 10. O-O O-O 11. Kh1 Nbd7 12. Qe2 Nc5 13. Bd2 Nxd3 14. cxd3
exf4 15. Bxf4 Nh5 16. Be3 d5 17. exd5 Bg4 18. Qf2 Nf6 19. h3 Bh5 20. Nd4 Bb4
21. Rac1 Bxc3 22. Rxc3 Nxd5 23. Rxc7 {Black resigns} 1-0

[Event "ICCopen2017"]
[Site "Internet Chess Club"]
[Date "2017.03.19"]
[Round "6"]
[White "mn8"]
[Black "jasrom"]
[Result "0-1"]
[ICCResult "White resigns"]
[WhiteElo "1966"]
[BlackElo "2170"]
[Opening "QGD: semi-Slav, Noteboom variation"]
[ECO "D02"]
[NIC "QP.08"]
[Time "20:14:24"]
[TimeControl "180+0"]

1. d4 d5 2. Nf3 e6 3. c4 c6 4. Nc3 dxc4 5. e4 b5 6. e5 Ne7 7. Ne4 Nd5 8. Bg5
Qa5+ 9. Nfd2 h6 10. Bh4 Nd7 11. Be2 c5 12. O-O cxd4 13. f4 Ne3 14. Qe1 Nxf1
15. Qxf1 Bb7 16. f5 Nxe5 17. fxe6 fxe6 18. Bh5+ Kd7 19. Qf7+ Nxf7
{White resigns}
0-1

[Event "ICCopen2017"]
[Site "Internet Chess Club"]
[Date "2017.03.19"]
[Round "6"]
[White "ehkopean"]
[Black "DEHO"]
[Result "1-0"]
[ICCResult "Black resigns"]
[WhiteElo "1786"]
[BlackElo "2175"]
[Opening "Scandinavian: Pytel-Wade variation"]
[ECO "B01"]
[NIC "SD.02"]
[Time "20:13:26"]
[TimeControl "180+0"]

1. e4 d5 2. exd5 Qxd5 3. Nc3 Qd6 4. Nf3 Nf6 5. d3 Bg4 6. Be2 Nc6 7. Ne4 Nxe4
8. dxe4 Qxd1+ 9. Bxd1 O-O-O 10. O-O e6 11. c3 Be7 12. Be3 e5 13. h3 Bh5 14.
Bb3 f6 15. Rad1 Bg6 16. Bd5 Bd6 17. Nh4 Ne7 18. Nxg6 hxg6 19. b4 Nxd5 20.
Rxd5 c6 21. Rdd1 a6 22. a4 Bc7 23. f3 f5 24. Bg5 Rd3 25. Rxd3 {Black
resigns} 1-0

[Event "ICCopen2017"]
[Site "Internet Chess Club"]
[Date "2017.03.19"]
[Round "6"]
[White "Mamba"]
[Black "COMBINATOR35"]
[Result "0-1"]
[ICCResult "White checkmated"]
[WhiteElo "2607"]
[BlackElo "2409"]
[Opening "Queen's pawn game"]
[ECO "A45"]
[NIC "QP.07"]
[Time "20:13:58"]
[TimeControl "180+0"]

1. d4 Nf6 2. Nc3 c6 3. e4 g6 4. Nf3 d6 5. Bf4 Bg7 6. Qd2 O-O 7. Be2 Nbd7 8.
e5 dxe5 9. dxe5 Nh5 10. Bh6 Nxe5 11. Bxg7 Nxf3+ 12. Bxf3 Qxd2+ 13. Kxd2 Nxg7
14. Rae1 Be6 15. g4 Rad8+ 16. Kc1 Rd7 17. Re3 Rfd8 18. Rhe1 Ne8 19. Na4 Rd2
20. R3e2 Rxe2 21. Rxe2 b6 22. Bxc6 Bxg4 23. Rxe7 Rd1# {White checkmated} 0-1

[Event "ICCopen2017"]
[Site "Internet Chess Club"]
[Date "2017.03.19"]
[Round "6"]
[White "glokoll"]
[Black "tirandopiezas"]
[Result "0-1"]
[ICCResult "White checkmated"]
[WhiteElo "1506"]
[BlackElo "1806"]
[Opening "Benko's opening"]
[ECO "A00"]
[NIC "VO.09"]
[Time "20:14:42"]
[TimeControl "180+0"]

1. g3 Nf6 2. Bg2 g6 3. c4 Bg7 4. Nc3 O-O 5. Qb3 d6 6. Bxb7 Bxb7 7. Qxb7 Nbd7
8. Qb3 Nc5 9. Qd1 a5 10. f3 e5 11. d3 Rb8 12. e4 Nfd7 13. Nge2 f5 14. O-O
fxe4 15. fxe4 Rxf1+ 16. Qxf1 Ne6 17. Be3 Rxb2 18. Qc1 Rb8 19. Nd5 c6 20.
Ndc3 Ndc5 21. Qd2 Nd4 22. Bxd4 exd4 23. Nd1 Nxe4 24. dxe4 d3 25. Nec3 d5 26.
Qxd3 dxe4 27. Qxe4 Qd7 28. Rc1 Re8 29. Qg2 Qd3 30. Nf2 Bd4 31. Nd1 Re1+ 32.
Qf1 Qxf1# {White checkmated} 0-1